Penguins vs Islanders
Created - June 19, 2022 at 19:40
Goals
|
| Penguins |
3 |
2 |
4 |
9 |
| Islanders |
0 |
1 |
2 |
3 |
|
Shots
|
| Penguins |
12 |
10 |
15 |
37 |
| Islanders |
15 |
13 |
10 |
38 |
|
1st period
1. Penguins , Brandon Tanev 6 (Joe Colborne 18, Steven Stamkos 66) at 9:39
2. Penguins , Nikita Kucherov 49 (Jeff Skinner 27, Derek Stepan 41) at 11:52
3. Penguins , Derek Stepan 31 (Nikita Kucherov 44, Oliver Ekman-Larsson 39) at 19:25
Penalties :
No Penalty
2nd period
4. Islanders , Michael Latta 12 (Ryan Ellis 67) at 2:42
5. Penguins , Jamie Benn 19 (Steven Stamkos 67, Marcus Foligno 13) at 8:18
6. Penguins , Nikita Kucherov 50 (Steven Stamkos 68) at 18:27 (PP)
Penalties :
Keith Aulie (Pit) for Holding (Minor) at 11:24, Antoine Vermette (Pit) for Charging (Minor) at 14:08, Jiri Hudler (NyI) for Hooking (Minor) at 18:19
3rd period
7. Penguins , Steven Stamkos 48 (Joe Pavelski 19) at 4:08
8. Islanders , Michael Latta 13 (Emerson Etem 7, Yann Sauvé 16) at 4:44
9. Islanders , Yann Sauvé 3 (Vladimir Tarasenko 48, Ryan Ellis 68) at 7:02
10. Penguins , Oliver Ekman-Larsson 10 (Nick Leddy 22, Justin Schultz 14) at 11:36
11. Penguins , Nikita Kucherov 51 (Steven Stamkos 69) at 13:13 (PP)
12. Penguins , Derek Stepan 32 (Nikita Kucherov 45, Justin Schultz 15) at 18:12
Penalties :
Oliver Ekman-Larsson (Pit) for Tripping (Minor) at 7:54, Michael Latta (NyI) for Tripping (Minor) at 12:35, Robert Hagg (Pit) for Goalie Interference (Minor) at 15:50
Goalie Stats
Jacob Markstrom (Pit), 35 saves from 38 shots - (0.921), W, 38-22-3, 60:00 minutes
Keith Kinkaid (NyI), 17 saves from 22 shots - (0.773), 31:42 minutes
Ryan Miller (NyI), 11 saves from 15 shots - (0.733), L, 23-28-7, 28:18 minutes
Players Stats for Penguins
Player Name G A P +/- PIM S H SB GA TA FO MP PP MP PK MP
------------------------------------------------------------------------------------
Andy Andreoff 0 0 0 1 0 1 0 0 0 0 0/0 10:32 0:00 1:44
Antoine Vermette 0 0 0 0 2 0 1 0 0 0 3/3 8:17 0:00 1:13
Brandon Tanev 1 0 1 1 0 3 3 0 2 0 1/1 11:18 0:00 0:00
Cal Clutterbuck 0 0 0 1 0 0 1 1 0 1 0/0 15:43 0:00 4:00
Derek Stepan 2 1 3 2 0 4 1 0 0 0 4/10 15:27 0:26 0:20
Jamie Benn 1 0 1 0 0 2 3 0 0 0 2/2 17:00 0:26 0:00
Jeff Skinner 0 1 1 2 0 0 0 1 0 0 0/1 14:33 0:20 0:00
Joe Colborne 0 1 1 1 0 1 2 0 0 0 4/6 13:30 0:00 2:12
Joe Pavelski 0 1 1 0 0 5 2 0 0 1 0/1 17:00 0:26 0:00
Justin Schultz 0 2 2 2 0 1 4 0 1 0 0/0 17:01 0:00 3:05
Keith Aulie 0 0 0 0 2 0 0 1 0 2 0/0 23:47 0:46 3:30
Marcus Foligno 0 1 1 0 0 1 0 0 0 0 0/0 8:44 0:00 2:12
Nick Leddy 0 1 1 2 0 2 1 0 0 1 0/0 17:07 0:00 0:37
Nikita Kucherov 3 2 5 2 0 7 0 0 2 0 1/1 14:33 0:20 0:00
Oliver Ekman-Larsson 1 1 2 2 2 5 3 4 1 0 0/0 29:20 0:46 3:52
Robert Hagg 0 0 0 0 2 0 0 1 0 0 0/0 13:30 0:00 2:01
Sean Zimmerman 0 0 0 3 0 4 1 2 0 0 0/0 21:25 0:00 2:47
Steven Stamkos 1 4 5 1 0 1 0 0 0 0 23/47 23:13 0:20 4:11
Players Stats for Islanders
Player Name G A P +/- PIM S H SB GA TA FO MP PP MP PK MP
------------------------------------------------------------------------------------
Andrew Shaw 0 0 0 -2 0 1 1 1 1 0 0/0 8:48 0:12 0:00
Brock McGinn 0 0 0 -3 0 1 2 1 0 0 0/1 18:21 0:00 0:00
Craig Smith 0 0 0 -1 0 1 1 0 1 0 0/1 11:02 0:00 0:00
Emerson Etem 0 1 1 2 0 1 2 0 0 1 2/3 17:28 4:15 0:00
Fedor Tyutin 0 0 0 0 0 3 1 1 0 0 0/0 20:01 3:03 0:26
Frans Nielsen 0 0 0 -3 0 1 2 1 0 0 16/31 22:36 4:15 0:00
Jiri Hudler 0 0 0 -2 2 0 1 1 0 0 0/1 8:46 0:00 0:00
Justin Falk 0 0 0 -2 0 0 0 0 0 0 0/0 10:50 0:00 0:00
Marc-Édouard Vlasic 0 0 0 0 0 0 0 0 1 1 0/0 20:01 3:03 0:26
Michael Latta 2 0 2 2 2 6 3 0 0 1 10/24 16:47 3:29 0:00
Nikita Zadorov 0 0 0 -2 0 2 0 0 0 1 0/0 10:50 0:00 0:00
Pierre-Edouard Bellemare 0 0 0 -1 0 2 0 0 0 0 0/0 14:26 3:29 0:00
Rick Nash 0 0 0 2 0 3 0 0 1 0 0/0 17:34 3:29 0:46
Ryan Ellis 0 2 2 -2 0 5 1 2 1 2 0/0 29:09 4:53 0:20
Ryan Hartman 0 0 0 -1 0 2 2 0 0 0 3/7 11:02 0:00 0:00
Sergei Plotnikov 0 0 0 -2 0 2 1 0 0 0 0/0 8:48 0:12 0:00
Vladimir Tarasenko 0 1 1 -3 0 7 2 1 0 0 3/4 23:34 4:27 0:46
Yann Sauvé 1 1 2 -2 0 1 2 1 0 0 0/0 29:09 4:53 0:20
3 Stars
1 - Nikita Kucherov (Pit)
2 - Steven Stamkos (Pit)
3 - Derek Stepan (Pit)
Power Play
Penguins - 2 on 2 Attempt(s) - 100.00%
Islanders - 0 on 4 Attempt(s) - 0.00%
Penalty Kill
Penguins - 4 on 4 Attempt(s) - 100.00%
- Score 0 goal in Penalty Kill
Islanders - 0 on 2 Attempt(s) - 0.00%
- Score 0 goal in Penalty Kill
Team Stat
Penguins - Hits : 22 - Faceoff Wins : 38 - Blocked Shots : 10 - Penalty Minutes : 8
Islanders - Hits : 21 - Faceoff Wins : 34 - Blocked Shots : 9 - Penalty Minutes : 4
Official
Referees : Pierre Lambert and Kyle Rehman
Linesman : Steve Barton and Matt MacPherson
Game Notes
Keith Kinkaid enters game at 8:18 of 2nd period
Nikita Kucherov has scored a Hat Trick!
Finance
Level 1 -- Attendance: 5901 (98.35%) -- Ticket Income $590,100
Level 2 -- Attendance: 4730 (94.60%) -- Ticket Income $283,800
Level 3 -- Attendance: 1977 (98.85%) -- Ticket Income $69,195
Level 4 -- Attendance: 4000 (100.00%) -- Ticket Income $100,000
Luxury Box -- Attendance: 1000 (100.00%) -- Ticket Income $200,000
Game was played at the Nassau Coliseum.
Total Attendance: 17608 (97.82%)
Total Ticket Income: $1,243,095
Other Income: $186,464
Total Income: $1,429,559
Penguins
5 vs 5 Forward
Center Left Wing Right Wing Time % Phy DF OF
1 Steven Stamkos Jamie Benn Joe Pavelski 40 1 2 2
2 Derek Stepan Jeff Skinner Nikita Kucherov 30 1 2 2
3 Joe Colborne Brandon Tanev Cal Clutterbuck 20 1 2 2
4 Antoine Vermette Andy Andreoff Marcus Foligno 10 1 2 2
5 vs 5 Defense
Defense Defense Time % Phy DF OF
1 Oliver Ekman-Larsson Sean Zimmerman 40 1 2 2
2 Keith Aulie Nick Leddy 30 1 2 2
3 Justin Schultz Robert Hagg 20 1 2 2
4 Oliver Ekman-Larsson Keith Aulie 10 1 2 2
PowerPlay Forward
Center Left Wing Right Wing Time % Phy DF OF
1 Steven Stamkos Jeff Skinner Nikita Kucherov 60 0 0 5
2 Derek Stepan Jamie Benn Joe Pavelski 40 0 0 5
PowerPlay Defense
Defense Defense Time % Phy DF OF
1 Oliver Ekman-Larsson Keith Aulie 60 0 1 4
2 Sean Zimmerman Nick Leddy 40 0 1 4
Penalty Kill 4 Players Forward
Center Wing Time % Phy DF OF
1 Steven Stamkos Cal Clutterbuck 60 1 4 0
2 Joe Colborne Marcus Foligno 40 1 4 0
Penalty Kill 4 Players Defense
Defense Defense Time % Phy DF OF
1 Oliver Ekman-Larsson Keith Aulie 60 1 4 0
2 Sean Zimmerman Robert Hagg 40 1 4 0
Penalty Kill - 3 Players Forward
Forward Time % Phy DF OF
1 Cal Clutterbuck 60 1 4 0
2 Marcus Foligno 40 1 4 0
Penalty Kill - 3 Players Defense
Defense Defense Time % Phy DF OF
1 Oliver Ekman-Larsson Keith Aulie 60 1 4 0
2 Sean Zimmerman Robert Hagg 40 1 4 0
4 vs 4 Forward
Center Wing Time % Phy DF OF
1 Steven Stamkos Jamie Benn 60 1 0 4
2 Derek Stepan Jeff Skinner 40 1 0 4
4 vs 4 Defense
Defense Defense Time % Phy DF OF
1 Oliver Ekman-Larsson Keith Aulie 60 1 2 2
2 Sean Zimmerman Nick Leddy 40 1 2 2
Last Minutes Offensive
Center Left Wing Right Wing Defense Defense
Steven Stamkos Jamie Benn Joe Pavelski Oliver Ekman-Larsson Keith Aulie
Last Minutes Defensive
Center Left Wing Right Wing Defense Defense
Joe Colborne Brandon Tanev Cal Clutterbuck Oliver Ekman-Larsson Keith Aulie
Goaltenders
Starting : Jacob Markstrom
Backup : Viktor Fasth
Extra Forwards
Normal : Cal Clutterbuck, Marcus Foligno, Jamie Benn - PP : Cal Clutterbuck, Marcus Foligno - PK : Cal Clutterbuck
Extra Defensemen
Normal : Justin Schultz, Nick Leddy, Robert Hagg - PP : Justin Schultz - PK : Justin Schultz, Nick Leddy
Penalty Shots
Steven Stamkos, Nikita Kucherov, Derek Stepan, Joe Pavelski, Cal Clutterbuck
Scratches
Lars Eller (Healthy)
Islanders
5 vs 5 Forward
Center Left Wing Right Wing Time % Phy DF OF
1 Frans Nielsen Brock McGinn Vladimir Tarasenko 40 1 2 2
2 Michael Latta Emerson Etem Rick Nash 30 1 2 2
3 Ryan Hartman Pierre-Edouard Bellemare Craig Smith 20 1 2 2
4 Jiri Hudler Sergei Plotnikov Andrew Shaw 10 1 2 2
5 vs 5 Defense
Defense Defense Time % Phy DF OF
1 Ryan Ellis Yann Sauvé 40 1 2 2
2 Fedor Tyutin Marc-Édouard Vlasic 30 1 2 2
3 Nikita Zadorov Justin Falk 20 1 2 2
4 Ryan Ellis Yann Sauvé 10 1 2 2
PowerPlay Forward
Center Left Wing Right Wing Time % Phy DF OF
1 Frans Nielsen Emerson Etem Vladimir Tarasenko 60 1 2 2
2 Michael Latta Pierre-Edouard Bellemare Rick Nash 40 1 2 2
PowerPlay Defense
Defense Defense Time % Phy DF OF
1 Ryan Ellis Yann Sauvé 60 1 2 2
2 Fedor Tyutin Marc-Édouard Vlasic 40 1 2 2
Penalty Kill 4 Players Forward
Center Wing Time % Phy DF OF
1 Vladimir Tarasenko Rick Nash 60 1 2 2
2 Frans Nielsen Craig Smith 40 1 2 2
Penalty Kill 4 Players Defense
Defense Defense Time % Phy DF OF
1 Ryan Ellis Yann Sauvé 60 1 2 2
2 Fedor Tyutin Marc-Édouard Vlasic 40 1 2 2
Penalty Kill - 3 Players Forward
Forward Time % Phy DF OF
1 Vladimir Tarasenko 60 1 2 2
2 Rick Nash 40 1 2 2
Penalty Kill - 3 Players Defense
Defense Defense Time % Phy DF OF
1 Ryan Ellis Yann Sauvé 60 1 2 2
2 Fedor Tyutin Marc-Édouard Vlasic 40 1 2 2
4 vs 4 Forward
Center Wing Time % Phy DF OF
1 Vladimir Tarasenko Rick Nash 60 1 2 2
2 Frans Nielsen Craig Smith 40 1 2 2
4 vs 4 Defense
Defense Defense Time % Phy DF OF
1 Ryan Ellis Yann Sauvé 60 1 2 2
2 Fedor Tyutin Marc-Édouard Vlasic 40 1 2 2
Last Minutes Offensive
Center Left Wing Right Wing Defense Defense
Frans Nielsen Emerson Etem Vladimir Tarasenko Ryan Ellis Yann Sauvé
Last Minutes Defensive
Center Left Wing Right Wing Defense Defense
Frans Nielsen Emerson Etem Vladimir Tarasenko Ryan Ellis Yann Sauvé
Goaltenders
Starting : Ryan Miller
Backup : Keith Kinkaid
Extra Forwards
Normal : Andrew Shaw, Sergei Plotnikov, Jiri Hudler - PP : Andrew Shaw, Sergei Plotnikov - PK : Jiri Hudler
Extra Defensemen
Normal : Nikita Zadorov, Justin Falk, Fedor Tyutin - PP : Nikita Zadorov - PK : Justin Falk, Fedor Tyutin
Penalty Shots
Vladimir Tarasenko, Rick Nash, Frans Nielsen, Craig Smith, Emerson Etem
Scratches
Carl Klingberg (Healthy), Melker Karlsson (Strained Groin Injury), Julien Ellis (Healthy)
% Time on Ice - Penguins
Lines # - Real PCT - Wanted PCT - Time Play
Normal Forward
1 - 38% - 40% - 19:15
2 - 28% - 30% - 14:13
3 - 22% - 20% - 11:18
4 - 13% - 10% - 6:32
Normal Defense
1 - 42% - 40% - 21:18
2 - 30% - 30% - 15:10
3 - 22% - 20% - 11:08
4 - 7% - 10% - 3:42
PP Forward
1 - 43% - 60% - 0:20
2 - 57% - 40% - 0:26
PP Defense
1 - 100% - 60% - 0:46
2 - 0% - 40% - 0:00
PK Forward
1 - 72% - 60% - 5:44
2 - 28% - 40% - 2:12
PK Defense
1 - 65% - 60% - 5:09
2 - 35% - 40% - 2:47
PK3 Forward
1 - 0% - 60%
2 - 0% - 40%
PK3 Defense
1 - 0% - 60%
2 - 0% - 40%
44 Forward
1 - 0% - 60%
2 - 0% - 40%
44 Defense
1 - 0% - 60%
2 - 0% - 40%
Last Minute Offensive - 0:00
Last Minute Defensive - 0:00
Total
Forward - 60:00
Defense - 60:00
|
% Time on Ice - Islanders
Lines # - Real PCT - Wanted PCT - Time Play
Normal Forward
1 - 36% - 40% - 18:21
2 - 26% - 30% - 13:19
3 - 22% - 20% - 11:02
4 - 17% - 10% - 8:36
Normal Defense
1 - 41% - 40% - 20:56
2 - 32% - 30% - 16:32
3 - 21% - 20% - 10:50
4 - 6% - 10% - 3:00
PP Forward
1 - 56% - 60% - 4:27
2 - 44% - 40% - 3:29
PP Defense
1 - 62% - 60% - 4:53
2 - 38% - 40% - 3:03
PK Forward
1 - 100% - 60% - 0:46
2 - 0% - 40% - 0:00
PK Defense
1 - 43% - 60% - 0:20
2 - 57% - 40% - 0:26
PK3 Forward
1 - 0% - 60%
2 - 0% - 40%
PK3 Defense
1 - 0% - 60%
2 - 0% - 40%
44 Forward
1 - 0% - 60%
2 - 0% - 40%
44 Defense
1 - 0% - 60%
2 - 0% - 40%
Last Minute Offensive - 0:00
Last Minute Defensive - 0:00
Total
Forward - 60:00
Defense - 60:00
|
Play-by-Play
1st period
0:01 of 1st period - Frans Nielsen wins face-off versus Steven Stamkos in neutral zone.
0:34 of 1st period - Slapshot by Nikita Kucherov.
0:34 of 1st period - Stopped by Ryan Miller without a rebound.
0:35 of 1st period - Ryan Hartman wins face-off versus Joe Colborne in Islanders zone.
0:35 of 1st period - Ryan Hartman is hit by Joe Colborne.
1:34 of 1st period - Wrist shot by Michael Latta.
1:34 of 1st period - Stopped by Jacob Markstrom with a rebound.
2:07 of 1st period - Wrist shot by Ryan Hartman.
2:07 of 1st period - Shot Misses the Net.
2:09 of 1st period - Slapshot by Pierre-Edouard Bellemare.
2:09 of 1st period - Stopped by Jacob Markstrom without a rebound.
2:10 of 1st period - Brandon Tanev wins face-off versus Ryan Hartman in Penguins zone.
2:26 of 1st period - Snap shot by Brandon Tanev.
2:26 of 1st period - Shot Misses the Net.
2:28 of 1st period - Snap shot by Brandon Tanev.
2:28 of 1st period - Stopped by Ryan Miller without a rebound.
2:29 of 1st period - Michael Latta wins face-off versus Steven Stamkos in Islanders zone.
2:38 of 1st period - Wrist shot by Ryan Ellis.
2:38 of 1st period - Stopped by Jacob Markstrom with a rebound.
2:56 of 1st period - Nick Leddy is hit by Andrew Shaw and loses puck.
3:27 of 1st period - Wrist shot by Vladimir Tarasenko.
3:27 of 1st period - Stopped by Jacob Markstrom without a rebound.
3:28 of 1st period - Steven Stamkos wins face-off versus Michael Latta in Penguins zone.
3:39 of 1st period - Slapshot by Rick Nash.
3:39 of 1st period - Stopped by Jacob Markstrom with a rebound.
3:41 of 1st period - Slapshot by Nikita Zadorov.
3:41 of 1st period - Deflect By Rick Nash.
3:41 of 1st period - Shot Misses the Net.
3:41 of 1st period - Puck is out of play.
3:42 of 1st period - Frans Nielsen wins face-off versus Derek Stepan in Penguins zone.
3:47 of 1st period - Snap shot by Brock McGinn.
3:47 of 1st period - Shot Hit the Post.
4:11 of 1st period - Snap shot by Rick Nash.
4:11 of 1st period - Shot Blocked by Sean Zimmerman.
4:13 of 1st period - Wrist shot by Fedor Tyutin.
4:13 of 1st period - Stopped by Jacob Markstrom with a rebound.
4:15 of 1st period - Snap shot by Rick Nash.
4:15 of 1st period - Stopped by Jacob Markstrom without a rebound.
4:16 of 1st period - Steven Stamkos wins face-off versus Ryan Hartman in Penguins zone.
4:33 of 1st period - Snap shot by Fedor Tyutin.
4:33 of 1st period - Shot Misses the Net.
5:36 of 1st period - Andy Andreoff is hit by Emerson Etem and loses puck.
6:33 of 1st period - Derek Stepan is hit by Sergei Plotnikov and loses puck.
6:40 of 1st period - Snap shot by Andrew Shaw.
6:40 of 1st period - Stopped by Jacob Markstrom without a rebound.
6:41 of 1st period - Michael Latta wins face-off versus Derek Stepan in Penguins zone.
6:46 of 1st period - Snap shot by Rick Nash.
6:46 of 1st period - Shot Blocked by Oliver Ekman-Larsson.
6:48 of 1st period - Slapshot by Michael Latta.
6:48 of 1st period - Stopped by Jacob Markstrom with a rebound.
6:50 of 1st period - Snap shot by Nikita Zadorov.
6:50 of 1st period - Stopped by Jacob Markstrom without a rebound.
6:51 of 1st period - Michael Latta wins face-off versus Derek Stepan in Penguins zone.
6:58 of 1st period - Snap shot by Derek Stepan.
6:58 of 1st period - Stopped by Ryan Miller without a rebound.
6:59 of 1st period - Frans Nielsen wins face-off versus Steven Stamkos in Islanders zone.
8:04 of 1st period - Slapshot by Brock McGinn.
8:04 of 1st period - Shot Blocked by Keith Aulie.
8:06 of 1st period - Wrist shot by Frans Nielsen.
8:06 of 1st period - Deflect By Vladimir Tarasenko.
8:06 of 1st period - Shot Misses the Net.
8:06 of 1st period - Puck is out of play.
8:07 of 1st period - Steven Stamkos wins face-off versus Michael Latta in Penguins zone.
9:39 of 1st period - Snap shot by Brandon Tanev.
9:39 of 1st period - Goal by Brandon Tanev - Penguins : 1 - Islanders : 0.
9:40 of 1st period - Steven Stamkos wins face-off versus Frans Nielsen in neutral zone.
10:16 of 1st period - Slapshot by Antoine Vermette.
10:16 of 1st period - Deflect By Andy Andreoff.
10:16 of 1st period - Stopped by Ryan Miller without a rebound.
10:17 of 1st period - Derek Stepan wins face-off versus Michael Latta in Islanders zone.
10:18 of 1st period - Wrist shot by Nikita Kucherov.
10:18 of 1st period - Stopped by Ryan Miller with a rebound.
10:32 of 1st period - Slapshot by Michael Latta.
10:32 of 1st period - Shot Misses the Net.
10:42 of 1st period - Sean Zimmerman is hit by Craig Smith and loses puck.
11:35 of 1st period - Snap shot by Nikita Kucherov.
11:35 of 1st period - Stopped by Ryan Miller with a rebound.
11:37 of 1st period - Snap shot by Derek Stepan.
11:37 of 1st period - Shot Misses the Net.
11:52 of 1st period - Snap shot by Nikita Kucherov.
11:52 of 1st period - Goal by Nikita Kucherov - Penguins : 2 - Islanders : 0.
11:53 of 1st period - Steven Stamkos wins face-off versus Michael Latta in neutral zone.
12:18 of 1st period - Ryan Ellis is hit by Nick Leddy and loses puck.
12:43 of 1st period - Snap shot by Sergei Plotnikov.
12:43 of 1st period - Stopped by Jacob Markstrom with a rebound.
13:23 of 1st period - Nikita Zadorov is hit by Antoine Vermette and loses puck.
14:56 of 1st period - Off-side.
14:57 of 1st period - Antoine Vermette wins face-off versus Ryan Hartman in neutral zone.
15:04 of 1st period - Slapshot by Keith Aulie.
15:04 of 1st period - Shot Hit the Post.
15:42 of 1st period - Slapshot by Oliver Ekman-Larsson.
15:42 of 1st period - Shot Misses the Net.
15:44 of 1st period - Snap shot by Sean Zimmerman.
15:44 of 1st period - Shot Misses the Net.
15:58 of 1st period - Slapshot by Craig Smith.
15:58 of 1st period - Shot Misses the Net.
16:06 of 1st period - Wrist shot by Ryan Hartman.
16:06 of 1st period - Stopped by Jacob Markstrom without a rebound.
16:07 of 1st period - Frans Nielsen wins face-off versus Steven Stamkos in Penguins zone.
16:10 of 1st period - Wrist shot by Ryan Ellis.
16:10 of 1st period - Deflect By Oliver Ekman-Larsson.
16:10 of 1st period - Stopped by Jacob Markstrom without a rebound.
16:11 of 1st period - Frans Nielsen wins face-off versus Joe Pavelski in Penguins zone.
16:20 of 1st period - Wrist shot by Vladimir Tarasenko.
16:20 of 1st period - Stopped by Jacob Markstrom without a rebound.
16:21 of 1st period - Steven Stamkos wins face-off versus Michael Latta in Penguins zone.
16:36 of 1st period - Wrist shot by Joe Pavelski.
16:36 of 1st period - Stopped by Ryan Miller without a rebound.
16:37 of 1st period - Derek Stepan wins face-off versus Frans Nielsen in Islanders zone.
16:38 of 1st period - Wrist shot by Nikita Kucherov.
16:38 of 1st period - Shot Blocked by Ryan Ellis.
16:40 of 1st period - Snap shot by Oliver Ekman-Larsson.
16:40 of 1st period - Shot Blocked by Brock McGinn.
16:42 of 1st period - Slapshot by Oliver Ekman-Larsson.
16:42 of 1st period - Deflect By Ryan Ellis.
16:42 of 1st period - Stopped by Ryan Miller with a rebound.
16:44 of 1st period - Slapshot by Oliver Ekman-Larsson.
16:44 of 1st period - Deflect By Jeff Skinner.
16:44 of 1st period - Shot Misses the Net.
16:44 of 1st period - Puck is out of play.
16:45 of 1st period - Derek Stepan wins face-off versus Frans Nielsen in Islanders zone.
17:00 of 1st period - Snap shot by Derek Stepan.
17:00 of 1st period - Shot Misses the Net.
18:11 of 1st period - Slapshot by Frans Nielsen.
18:11 of 1st period - Stopped by Jacob Markstrom with a rebound.
18:27 of 1st period - Snap shot by Derek Stepan.
18:27 of 1st period - Stopped by Ryan Miller with a rebound.
18:29 of 1st period - Slapshot by Jeff Skinner.
18:29 of 1st period - Shot Misses the Net.
18:31 of 1st period - Wrist shot by Sean Zimmerman.
18:31 of 1st period - Shot Misses the Net.
18:33 of 1st period - Slapshot by Oliver Ekman-Larsson.
18:33 of 1st period - Shot Misses the Net.
19:23 of 1st period - Snap shot by Nikita Kucherov.
19:23 of 1st period - Shot Misses the Net.
19:25 of 1st period - Wrist shot by Derek Stepan.
19:25 of 1st period - Goal by Derek Stepan - Penguins : 3 - Islanders : 0.
19:26 of 1st period - Steven Stamkos wins face-off versus Michael Latta in neutral zone.
19:52 of 1st period - Sergei Plotnikov is hit by Brandon Tanev and loses puck.
Goals for this period are 3 for Penguins vs 0 for Islanders.
Shots for this period are 12 for Penguins vs 15 for Islanders.
2nd period
0:01 of 2nd period - Michael Latta wins face-off versus Steven Stamkos in neutral zone.
0:12 of 2nd period - Emerson Etem is hit by Jamie Benn and loses puck.
1:02 of 2nd period - Snap shot by Ryan Ellis.
1:02 of 2nd period - Stopped by Jacob Markstrom without a rebound.
1:03 of 2nd period - Michael Latta wins face-off versus Steven Stamkos in Penguins zone.
1:48 of 2nd period - Slapshot by Fedor Tyutin.
1:48 of 2nd period - Shot Blocked by Robert Hagg.
1:58 of 2nd period - Brock McGinn is hit by Justin Schultz and loses puck.
2:30 of 2nd period - Icing by Keith Aulie.
2:31 of 2nd period - Michael Latta wins face-off versus Steven Stamkos in Penguins zone.
2:38 of 2nd period - Snap shot by Michael Latta.
2:38 of 2nd period - Stopped by Jacob Markstrom without a rebound.
2:39 of 2nd period - Michael Latta wins face-off versus Steven Stamkos in Penguins zone.
2:42 of 2nd period - Snap shot by Michael Latta.
2:42 of 2nd period - Goal by Michael Latta - Penguins : 3 - Islanders : 1.
2:43 of 2nd period - Emerson Etem wins face-off versus Steven Stamkos in neutral zone.
3:41 of 2nd period - Slapshot by Sean Zimmerman.
3:41 of 2nd period - Deflect By Vladimir Tarasenko.
3:41 of 2nd period - Stopped by Ryan Miller without a rebound.
3:42 of 2nd period - Steven Stamkos wins face-off versus Michael Latta in Islanders zone.
4:14 of 2nd period - Brock McGinn is hit by Sean Zimmerman and loses puck.
4:26 of 2nd period - Fedor Tyutin is hit by Derek Stepan and loses puck.
4:53 of 2nd period - Wrist shot by Craig Smith.
4:53 of 2nd period - Stopped by Jacob Markstrom without a rebound.
4:54 of 2nd period - Steven Stamkos wins face-off versus Craig Smith in Penguins zone.
5:15 of 2nd period - Snap shot by Craig Smith.
5:15 of 2nd period - Deflect By Ryan Hartman.
5:15 of 2nd period - Stopped by Jacob Markstrom without a rebound.
5:16 of 2nd period - Michael Latta wins face-off versus Joe Colborne in Penguins zone.
5:23 of 2nd period - Slapshot by Rick Nash.
5:23 of 2nd period - Deflect By Emerson Etem.
5:23 of 2nd period - Shot Misses the Net.
5:23 of 2nd period - Puck is out of play.
5:24 of 2nd period - Joe Colborne wins face-off versus Michael Latta in Penguins zone.
5:51 of 2nd period - Slapshot by Michael Latta.
5:51 of 2nd period - Shot Blocked by Oliver Ekman-Larsson.
5:53 of 2nd period - Slapshot by Nikita Zadorov.
5:53 of 2nd period - Stopped by Jacob Markstrom with a rebound.
5:55 of 2nd period - Wrist shot by Rick Nash.
5:55 of 2nd period - Stopped by Jacob Markstrom without a rebound.
5:56 of 2nd period - Steven Stamkos wins face-off versus Frans Nielsen in Penguins zone.
5:56 of 2nd period - Steven Stamkos is hit by Brock McGinn.
6:08 of 2nd period - Slapshot by Justin Schultz.
6:08 of 2nd period - Stopped by Ryan Miller with a rebound.
6:11 of 2nd period - Icing by Yann Sauvé.
6:12 of 2nd period - Frans Nielsen wins face-off versus Steven Stamkos in Islanders zone.
6:21 of 2nd period - Off-side.
6:22 of 2nd period - Michael Latta wins face-off versus Steven Stamkos in neutral zone.
6:27 of 2nd period - Slapshot by Ryan Ellis.
6:27 of 2nd period - Stopped by Jacob Markstrom without a rebound.
6:28 of 2nd period - Steven Stamkos wins face-off versus Michael Latta in Penguins zone.
6:28 of 2nd period - Keith Aulie is hit by Michael Latta and loses puck.
6:42 of 2nd period - Slapshot by Steven Stamkos.
6:42 of 2nd period - Shot Misses the Net.
6:44 of 2nd period - Slapshot by Keith Aulie.
6:44 of 2nd period - Shot Blocked by Yann Sauvé.
7:16 of 2nd period - Nikita Kucherov is hit by Jiri Hudler and loses puck.
7:37 of 2nd period - Oliver Ekman-Larsson is hit by Ryan Hartman and loses puck.
7:45 of 2nd period - Icing by Sean Zimmerman.
7:46 of 2nd period - Antoine Vermette wins face-off versus Michael Latta in Penguins zone.
7:51 of 2nd period - Oliver Ekman-Larsson is hit by Michael Latta and loses puck.
8:18 of 2nd period - Snap shot by Jamie Benn.
8:18 of 2nd period - Goal by Jamie Benn - Penguins : 4 - Islanders : 1.
8:18 of 2nd period - Keith Kinkaid enters game.
8:19 of 2nd period - Steven Stamkos wins face-off versus Emerson Etem in neutral zone.
8:27 of 2nd period - Keith Aulie is hit by Ryan Ellis and loses puck.
8:36 of 2nd period - Rick Nash is hit by Joe Pavelski and loses puck.
8:49 of 2nd period - Slapshot by Brock McGinn.
8:49 of 2nd period - Stopped by Jacob Markstrom with a rebound.
9:03 of 2nd period - Frans Nielsen is hit by Brandon Tanev and loses puck.
10:24 of 2nd period - Wrist shot by Joe Colborne.
10:24 of 2nd period - Stopped by Keith Kinkaid with a rebound.
10:40 of 2nd period - Snap shot by Brandon Tanev.
10:40 of 2nd period - Stopped by Keith Kinkaid without a rebound.
10:41 of 2nd period - Steven Stamkos wins face-off versus Michael Latta in Islanders zone.
10:42 of 2nd period - Snap shot by Jamie Benn.
10:42 of 2nd period - Deflect By Joe Pavelski.
10:42 of 2nd period - Stopped by Keith Kinkaid without a rebound.
10:43 of 2nd period - Jamie Benn wins face-off versus Michael Latta in Islanders zone.
10:50 of 2nd period - Slapshot by Joe Pavelski.
10:50 of 2nd period - Stopped by Keith Kinkaid without a rebound.
10:51 of 2nd period - Michael Latta wins face-off versus Steven Stamkos in Islanders zone.
10:51 of 2nd period - Michael Latta is hit by Oliver Ekman-Larsson.
11:15 of 2nd period - Slapshot by Ryan Ellis.
11:15 of 2nd period - Stopped by Jacob Markstrom with a rebound.
11:17 of 2nd period - Slapshot by Michael Latta.
11:17 of 2nd period - Shot Misses the Net.
11:21 of 2nd period - Wrist shot by Michael Latta.
11:21 of 2nd period - Stopped by Jacob Markstrom without a rebound.
11:22 of 2nd period - Derek Stepan wins face-off versus Frans Nielsen in Penguins zone.
11:24 of 2nd period - Minor Penalty to Keith Aulie for Holding.
11:25 of 2nd period - Steven Stamkos wins face-off versus Frans Nielsen in Penguins zone.
11:37 of 2nd period - Wrist shot by Frans Nielsen.
11:37 of 2nd period - Shot Misses the Net.
11:39 of 2nd period - Snap shot by Emerson Etem.
11:39 of 2nd period - Shot Misses the Net.
11:51 of 2nd period - Ryan Ellis is hit by Justin Schultz.
12:35 of 2nd period - Icing by Ryan Ellis.
12:36 of 2nd period - Joe Colborne wins face-off versus Michael Latta in Islanders zone.
12:37 of 2nd period - Wrist shot by Marcus Foligno.
12:37 of 2nd period - Stopped by Keith Kinkaid without a rebound.
12:38 of 2nd period - Joe Colborne wins face-off versus Michael Latta in Islanders zone.
12:51 of 2nd period - Slapshot by Oliver Ekman-Larsson.
12:51 of 2nd period - Stopped by Keith Kinkaid without a rebound.
12:52 of 2nd period - Frans Nielsen wins face-off versus Steven Stamkos in Islanders zone.
12:52 of 2nd period - Frans Nielsen is hit by Cal Clutterbuck.
13:03 of 2nd period - Off-side.
13:04 of 2nd period - Steven Stamkos wins face-off versus Frans Nielsen in neutral zone.
13:24 of 2nd period - Penalty to Keith Aulie is over, Keith Aulie is back on ice.
13:42 of 2nd period - Slapshot by Andrew Shaw.
13:42 of 2nd period - Shot Blocked by Cal Clutterbuck.
13:44 of 2nd period - Slapshot by Marc-Édouard Vlasic.
13:44 of 2nd period - Shot Blocked by Oliver Ekman-Larsson.
14:04 of 2nd period - Slapshot by Fedor Tyutin.
14:04 of 2nd period - Stopped by Jacob Markstrom without a rebound.
14:05 of 2nd period - Antoine Vermette wins face-off versus Frans Nielsen in Penguins zone.
14:05 of 2nd period - Antoine Vermette is hit by Yann Sauvé.
14:08 of 2nd period - Minor Penalty to Antoine Vermette for Charging.
14:09 of 2nd period - Steven Stamkos wins face-off versus Frans Nielsen in Penguins zone.
14:09 of 2nd period - Steven Stamkos is hit by Emerson Etem.
16:08 of 2nd period - Penalty to Antoine Vermette is over, Antoine Vermette is back on ice.
16:53 of 2nd period - Vladimir Tarasenko is hit by Joe Colborne and loses puck.
17:08 of 2nd period - Wrist shot by Derek Stepan.
17:08 of 2nd period - Shot Hit the Post.
17:34 of 2nd period - Cal Clutterbuck is hit by Ryan Hartman and loses puck.
17:56 of 2nd period - Jeff Skinner is hit by Brock McGinn and loses puck.
18:19 of 2nd period - Minor Penalty to Jiri Hudler for Hooking.
18:20 of 2nd period - Steven Stamkos wins face-off versus Vladimir Tarasenko in Islanders zone.
18:27 of 2nd period - Wrist shot by Nikita Kucherov.
18:27 of 2nd period - Goal by Nikita Kucherov - Penguins : 5 - Islanders : 1.
18:28 of 2nd period - Frans Nielsen wins face-off versus Steven Stamkos in neutral zone.
18:38 of 2nd period - Off-side.
18:39 of 2nd period - Steven Stamkos wins face-off versus Frans Nielsen in neutral zone.
18:46 of 2nd period - Wrist shot by Steven Stamkos.
18:46 of 2nd period - Shot Blocked by Frans Nielsen.
19:14 of 2nd period - Snap shot by Rick Nash.
19:14 of 2nd period - Shot Hit the Post.
19:16 of 2nd period - Slapshot by Emerson Etem.
19:16 of 2nd period - Stopped by Jacob Markstrom without a rebound.
19:17 of 2nd period - Ryan Hartman wins face-off versus Steven Stamkos in Penguins zone.
19:40 of 2nd period - Fedor Tyutin is hit by Jamie Benn and loses puck.
Goals for this period are 2 for Penguins vs 1 for Islanders.
Shots for this period are 10 for Penguins vs 13 for Islanders.
3rd period
0:01 of 3rd period - Frans Nielsen wins face-off versus Steven Stamkos in neutral zone.
1:19 of 3rd period - Snap shot by Sergei Plotnikov.
1:19 of 3rd period - Stopped by Jacob Markstrom with a rebound.
1:25 of 3rd period - Slapshot by Nick Leddy.
1:25 of 3rd period - Shot Misses the Net.
1:27 of 3rd period - Slapshot by Nick Leddy.
1:27 of 3rd period - Stopped by Keith Kinkaid without a rebound.
1:28 of 3rd period - Frans Nielsen wins face-off versus Steven Stamkos in Islanders zone.
1:39 of 3rd period - Snap shot by Vladimir Tarasenko.
1:39 of 3rd period - Stopped by Jacob Markstrom without a rebound.
1:40 of 3rd period - Steven Stamkos wins face-off versus Brock McGinn in Penguins zone.
1:40 of 3rd period - Steven Stamkos is hit by Vladimir Tarasenko.
1:48 of 3rd period - Snap shot by Sean Zimmerman.
1:48 of 3rd period - Deflect By Vladimir Tarasenko.
1:48 of 3rd period - Stopped by Keith Kinkaid with a rebound.
3:29 of 3rd period - Marc-Édouard Vlasic is hit by Oliver Ekman-Larsson and loses puck.
4:00 of 3rd period - Snap shot by Nikita Kucherov.
4:00 of 3rd period - Stopped by Keith Kinkaid without a rebound.
4:01 of 3rd period - Frans Nielsen wins face-off versus Steven Stamkos in Islanders zone.
4:06 of 3rd period - Slapshot by Steven Stamkos.
4:06 of 3rd period - Shot Misses the Net.
4:08 of 3rd period - Snap shot by Steven Stamkos.
4:08 of 3rd period - Goal by Steven Stamkos - Penguins : 6 - Islanders : 1.
4:09 of 3rd period - Frans Nielsen wins face-off versus Steven Stamkos in neutral zone.
4:44 of 3rd period - Snap shot by Michael Latta.
4:44 of 3rd period - Goal by Michael Latta - Penguins : 6 - Islanders : 2.
4:45 of 3rd period - Vladimir Tarasenko wins face-off versus Steven Stamkos in neutral zone.
4:48 of 3rd period - Jamie Benn is hit by Frans Nielsen and loses puck.
4:57 of 3rd period - Frans Nielsen is hit by Jamie Benn and loses puck.
5:35 of 3rd period - Slapshot by Sean Zimmerman.
5:35 of 3rd period - Stopped by Keith Kinkaid with a rebound.
5:37 of 3rd period - Wrist shot by Brandon Tanev.
5:37 of 3rd period - Shot Blocked by Fedor Tyutin.
5:39 of 3rd period - Snap shot by Sean Zimmerman.
5:39 of 3rd period - Stopped by Keith Kinkaid without a rebound.
5:40 of 3rd period - Joe Colborne wins face-off versus Frans Nielsen in Islanders zone.
5:49 of 3rd period - Snap shot by Joe Colborne.
5:49 of 3rd period - Deflect By Brandon Tanev.
5:49 of 3rd period - Shot Misses the Net.
5:49 of 3rd period - Puck is out of play.
5:50 of 3rd period - Steven Stamkos wins face-off versus Frans Nielsen in Islanders zone.
6:02 of 3rd period - Snap shot by Nick Leddy.
6:02 of 3rd period - Shot Blocked by Vladimir Tarasenko.
6:04 of 3rd period - Snap shot by Jamie Benn.
6:04 of 3rd period - Stopped by Keith Kinkaid with a rebound.
6:06 of 3rd period - Wrist shot by Joe Pavelski.
6:06 of 3rd period - Stopped by Keith Kinkaid with a rebound.
6:48 of 3rd period - Backhand shot by Ryan Ellis.
6:48 of 3rd period - Deflect By Pierre-Edouard Bellemare.
6:48 of 3rd period - Shot Misses the Net.
6:48 of 3rd period - Puck is out of play.
6:49 of 3rd period - Frans Nielsen wins face-off versus Steven Stamkos in Penguins zone.
7:00 of 3rd period - Snap shot by Vladimir Tarasenko.
7:00 of 3rd period - Stopped by Jacob Markstrom with a rebound.
7:02 of 3rd period - Slapshot by Yann Sauvé.
7:02 of 3rd period - Deflect By Steven Stamkos.
7:02 of 3rd period - Goal by Yann Sauvé - Penguins : 6 - Islanders : 3.
7:03 of 3rd period - Steven Stamkos wins face-off versus Frans Nielsen in neutral zone.
7:54 of 3rd period - Minor Penalty to Oliver Ekman-Larsson for Tripping.
7:55 of 3rd period - Emerson Etem wins face-off versus Steven Stamkos in Penguins zone.
8:22 of 3rd period - Rick Nash is hit by Justin Schultz and loses puck.
9:29 of 3rd period - Keith Aulie is hit by Vladimir Tarasenko and loses puck.
9:54 of 3rd period - Penalty to Oliver Ekman-Larsson is over, Oliver Ekman-Larsson is back on ice.
10:30 of 3rd period - Snap shot by Steven Stamkos.
10:30 of 3rd period - Shot Hit the Post.
10:32 of 3rd period - Slapshot by Nick Leddy.
10:32 of 3rd period - Stopped by Keith Kinkaid with a rebound.
10:34 of 3rd period - Wrist shot by Oliver Ekman-Larsson.
10:34 of 3rd period - Shot Blocked by Ryan Ellis.
10:36 of 3rd period - Slapshot by Nick Leddy.
10:36 of 3rd period - Shot Blocked by Jiri Hudler.
10:38 of 3rd period - Snap shot by Steven Stamkos.
10:38 of 3rd period - Deflect By Oliver Ekman-Larsson.
10:38 of 3rd period - Stopped by Keith Kinkaid with a rebound.
10:46 of 3rd period - Slapshot by Steven Stamkos.
10:46 of 3rd period - Shot Misses the Net.
11:24 of 3rd period - Wrist shot by Oliver Ekman-Larsson.
11:24 of 3rd period - Shot Misses the Net.
11:26 of 3rd period - Wrist shot by Oliver Ekman-Larsson.
11:26 of 3rd period - Shot Misses the Net.
11:28 of 3rd period - Slapshot by Justin Schultz.
11:28 of 3rd period - Shot Blocked by Andrew Shaw.
11:30 of 3rd period - Slapshot by Oliver Ekman-Larsson.
11:30 of 3rd period - Stopped by Keith Kinkaid with a rebound.
11:36 of 3rd period - Snap shot by Oliver Ekman-Larsson.
11:36 of 3rd period - Goal by Oliver Ekman-Larsson - Penguins : 7 - Islanders : 3.
11:37 of 3rd period - Vladimir Tarasenko wins face-off versus Jeff Skinner in neutral zone.
11:44 of 3rd period - Slapshot by Vladimir Tarasenko.
11:44 of 3rd period - Stopped by Jacob Markstrom with a rebound.
11:46 of 3rd period - Backhand shot by Vladimir Tarasenko.
11:46 of 3rd period - Stopped by Jacob Markstrom with a rebound.
11:48 of 3rd period - Snap shot by Fedor Tyutin.
11:48 of 3rd period - Stopped by Jacob Markstrom without a rebound.
11:49 of 3rd period - Frans Nielsen wins face-off versus Derek Stepan in Penguins zone.
11:50 of 3rd period - Snap shot by Vladimir Tarasenko.
11:50 of 3rd period - Deflect By Nikita Kucherov.
11:50 of 3rd period - Stopped by Jacob Markstrom without a rebound.
11:51 of 3rd period - Frans Nielsen wins face-off versus Derek Stepan in Penguins zone.
12:08 of 3rd period - Slapshot by Frans Nielsen.
12:08 of 3rd period - Shot Blocked by Jeff Skinner.
12:27 of 3rd period - Robert Hagg is hit by Fedor Tyutin.
12:35 of 3rd period - Minor Penalty to Michael Latta for Tripping.
12:36 of 3rd period - Vladimir Tarasenko wins face-off versus Derek Stepan in Islanders zone.
12:47 of 3rd period - Ryan Ellis is hit by Joe Pavelski and loses puck.
12:54 of 3rd period - Joe Pavelski is hit by Yann Sauvé and loses puck.
13:13 of 3rd period - Snap shot by Nikita Kucherov.
13:13 of 3rd period - Goal by Nikita Kucherov - Penguins : 8 - Islanders : 3.
13:14 of 3rd period - Ryan Hartman wins face-off versus Steven Stamkos in neutral zone.
13:19 of 3rd period - Snap shot by Craig Smith.
13:19 of 3rd period - Shot Blocked by Sean Zimmerman.
13:24 of 3rd period - Off-side.
13:25 of 3rd period - Steven Stamkos wins face-off versus Frans Nielsen in neutral zone.
14:02 of 3rd period - Snap shot by Michael Latta.
14:02 of 3rd period - Shot Misses the Net.
14:59 of 3rd period - Frans Nielsen is hit by Oliver Ekman-Larsson and loses puck.
15:34 of 3rd period - Ryan Ellis is hit by Brandon Tanev.
15:37 of 3rd period - Yann Sauvé is hit by Justin Schultz and loses puck.
15:50 of 3rd period - Minor Penalty to Robert Hagg for Goalie Interference.
15:51 of 3rd period - Steven Stamkos wins face-off versus Frans Nielsen in Penguins zone.
16:10 of 3rd period - Keith Aulie is hit by Frans Nielsen and loses puck.
17:17 of 3rd period - Keith Aulie is hit by Michael Latta and loses puck.
17:50 of 3rd period - Penalty to Robert Hagg is over, Robert Hagg is back on ice.
18:12 of 3rd period - Snap shot by Derek Stepan.
18:12 of 3rd period - Goal by Derek Stepan - Penguins : 9 - Islanders : 3.
18:13 of 3rd period - Frans Nielsen wins face-off versus Steven Stamkos in neutral zone.
18:38 of 3rd period - Slapshot by Ryan Ellis.
18:38 of 3rd period - Shot Blocked by Oliver Ekman-Larsson.
18:40 of 3rd period - Snap shot by Pierre-Edouard Bellemare.
18:40 of 3rd period - Stopped by Jacob Markstrom without a rebound.
18:41 of 3rd period - Nikita Kucherov wins face-off versus Ryan Hartman in Penguins zone.
19:52 of 3rd period - Wrist shot by Joe Pavelski.
19:52 of 3rd period - Stopped by Keith Kinkaid without a rebound.
19:53 of 3rd period - Jamie Benn wins face-off versus Jiri Hudler in Islanders zone.
Goals for this period are 4 for Penguins vs 2 for Islanders.
Shots for this period are 15 for Penguins vs 10 for Islanders.